 Dungeon Crawl Stone Soup version 0.29.1-1-gd02db6906a (webtiles) character file.

Game seed: 16487105825280108447

127 Andicraft the Trooper (level 4, -1/33 HPs)
             Began as a Demonspawn Chaos Knight on Oct 12, 2022.
             Was a Plaything of Xom.
             Slain by a jelly (2 damage)
             ... on level 3 of the Dungeon.
             The game lasted 00:17:40 (2787 turns).

Andicraft the Trooper (Demonspawn Chaos Knight)     Turns: 2787, Time: 00:17:44

Health: -1/33      AC: -2    Str: 12 (14) XL:     4   Next: 85%
Magic:  4/4        EV: 11    Int: 12 (13) God:    Xom [*.....]
Gold:   136        SH:  0    Dex: 13      Spells: 3/3 levels left

rFire   + . .      SeeInvis .   a - +2 mace (elec)
rCold   . . .      Faith    .   (no shield)
rNeg    . . .      Spirit   .   b - +2 leather armour
rPois   .          Reflect  .   (no helmet)
rElec   .          Harm     .   (no cloak)
rCorr   .          Rampage  .   (no gloves)
Will    .....                   (no boots)
Stlth   +.........              (no amulet)
HPRegen 0.11/turn               k - ring of protection from fire
MPRegen 0.09/turn               (no ring)

@: corroded
A: claws 1, slimy green scales 1, deformed body, deterioration 2, frail 1
a: Renounce Religion


You were on level 3 of the Dungeon.
You worshipped Xom.
You were a special plaything of Xom.
You visited 1 branch of the dungeon, and saw 3 of its levels.

You collected 136 gold pieces.

Inventory:

Hand Weapons
 a - a +2 mace of electrocution (weapon)
Armour
 b - a +2 leather armour (worn)
Jewellery
 e - a +6 ring of strength
 k - a ring of protection from fire (left claw)
Wands
 h - a wand of flame (14) (quivered)
 j - a wand of charming (10)
Scrolls
 f - a scroll of teleportation
Potions
 g - a potion of resistance {unknown}
Miscellaneous
 c - a piece from Xom's chessboard (15/15)
 d - a box of beasts (inert)


   Skills:
 + Level 3.9 Fighting
 + Level 3.9 Maces & Flails
 + Level 2.2 Armour
 + Level 1.6 Dodging
 + Level 0.1 Stealth
 + Level 0.1 Evocations


You had 3 spell levels left.
You didn't know any spells.
Your spell library contained the following spells:

 Spells                   Type           Power      Damage    Failure   Level
 Freeze                   Ice            0%         1d3       38%         1
 Sting                    Tmut/Pois      0%         1d3       38%         1
 Poisonous Vapours        Pois/Air       0%         N/A       54%         2
 Frozen Ramparts          Ice            0%         1d1       77%         3
 Hailstorm                Conj/Ice       0%         3d3       99%         4
 Olgreb's Toxic Radiance  Pois           0%         N/A       99%         4
 Fireball                 Conj/Fire      0%         3d3       100%        5
 Iskenderun's Battlesphe  Conj           0%         2d6       100%        5
 Conjure Ball Lightning   Conj/Air       0%         3x3d6     100%        6
 Orb of Destruction       Conj           0%         9d5       100%        7


Dungeon Overview and Level Annotations

Branches:
Dungeon (3/15)

Altars:


Innate Abilities, Weirdness & Mutations

You have sharp fingernails.
You are partially covered in slimy green scales. (AC +2)
Armour fits poorly on your strangely shaped body.
Your body often deteriorates upon taking damage.
You are frail. (-10% HP)


Message History

You feel frail.
Your body twists and deforms.
You start resting.
HP restored.
Things that are here:
a +0 dagger; 3 stones; a kobold corpse
There is an open door here.
The jelly quivers.
You see here a hobgoblin skeleton.
The endoplasm misses you. The endoplasm attacks as you move away!
The endoplasm hits you but does no damage.
You hit the endoplasm.
The endoplasm is almost dead.
The jelly closely misses you.
The endoplasm hits you but does no damage.
You sock the endoplasm!
You kill the endoplasm!
The jelly hits you but does no damage. The jelly barely misses you.
The jelly completely misses you.
You hit the jelly. The acid corrodes you!
Your claws burn!
Your body deteriorates!
You feel dopey.
The jelly is lightly wounded.
The jelly hits you but does no damage.
You hit the jelly.
Your claws burn!
The jelly is lightly wounded.
The jelly barely misses you.
You hit the jelly.
Your claws burn!
The jelly is lightly wounded. "Hum-dee-hum-dee-hum..."
The jelly suddenly seems more resistant.
The jelly misses you.
You hit the jelly but do no damage.
Your claws burn!
Your body deteriorates!
You feel weakened.
The jelly is lightly wounded.
The jelly hits you. The acid corrodes you!
You are splashed with acid!
* * * LOW HITPOINT WARNING * * *
Your body deteriorates!
You feel weakened. The jelly hits you.
You die...
Xom laughs nastily!

......#.....###..#.##.###.#####..
.####.##)##................#.####
## #....#############.##..#.# #.
## ##################.##..#.# #.
.# #######.##...÷.=##.##..#.# #.
.####....#.#.#÷P...P##.....#.# #.
..##.....#.#.#.÷÷...######.#.###.
..'......#'#.#.PJP..##.....#.....
.))........#)#..@...##.##########
..)........#.#.....÷##.#####.....
..##.......#.#.÷....##....##.#.#.
#####......##'...PP.##.#####.#...
##########..÷...##.#.###<####
#########.#.....# ######.#..##.#
#........[#######
######.#..#.#.........


You could see a jelly (resistant).

Vanquished Creatures
  A jelly (D:3)
  An adder (D:2)
  A worm (D:2)
  A dart slug (D:1)
  10 bats
  15 endoplasms
  2 giant cockroaches (D:1)
  5 goblins
  2 hobgoblins
  3 jackals (D:2)
  3 quokkas
  5 ball pythons
  4 frilled lizards
  5 kobolds
  4 rats
62 creatures vanquished.

Vanquished Creatures (collateral kills)
  3 orcs (D:3)
  An endoplasm (D:3)
  A giant cockroach (D:3)
  A frilled lizard (D:3)
  5 kobolds (D:3)
11 creatures vanquished.

Vanquished Creatures (others)
  3 fungi (D:3)
  7 toadstools (D:3)
10 creatures vanquished.

Grand Total: 83 creatures vanquished

Notes
Turn   | Place    | Note
-------+----------+-------------------------------------------
     0 | D:1      | Andicraft the Demonspawn Chaos Knight began the quest for
                  | the Orb.
     0 | D:1      | Reached XP level 1. HP: 18/18 MP: 1/1
    47 | D:1      | XOM: divination: magic mapping
    95 | D:1      | Gained mutation: You are partially covered in slimy green
                  | scales. (AC +2) [demonic ancestry]
    95 | D:1      | Reached XP level 2. HP: 17/24 MP: 2/2
   484 | D:1      | Reached skill level 1 in Dodging
   785 | D:2      | Found a faded altar of an unknown god.
   864 | D:2      | Gained mutation: You have sharp fingernails. [demonic
                  | ancestry]
   864 | D:2      | Reached XP level 3. HP: 29/29 MP: 3/3
  1217 | D:2      | XOM: silly message
  1652 | D:2      | XOM: god gift: box of beasts
  2045 | D:3      | XOM: 1-stop teleportation journey
  2262 | D:3      | XOM: smoke on damage
  2273 | D:3      | Reached XP level 4. HP: 22/37 MP: 4/4
  2432 | D:3      | XOM: cast spell 'Summon Dragon'
  2619 | D:3      | XOM: enchant monster (good)
  2713 | D:3      | XOM: give mutations
  2713 | D:3      | Gained mutation: Your body sometimes deteriorates upon
                  | taking damage. [Xom's mischief]
  2713 | D:3      | Gained mutation: Your body often deteriorates upon taking
                  | damage. [Xom's mischief]
  2713 | D:3      | Gained mutation: You are frail. (-10% HP) [Xom's mischief]
  2713 | D:3      | Gained mutation: Armour fits poorly on your strangely
                  | shaped body. [Xom's mischief]
  2786 | D:3      | XOM: enchant monster (bad)
  2787 | D:3      | HP: 1/33 [acid (11)]
  2787 | D:3      | Slain by a jelly

Illustrated notes

Levels and vault maps discovered:
D:1:      minmay_arrival_stone_box, layout_loops_cross, serial_aquarium,
          aquarium_bridge_square [aquarium_subvault_window,
          aquarium_subvault_wall, aquarium_subvault_wall,
          aquarium_subvault_bridge], aquarium_window_corner,
          aquarium_window_corner, aquarium_window_fake, aquarium_view_2c,
          aquarium_view_2b, aquarium_balcony_5b, aquarium_pool_side
D:2:      layout_loops_corners, dreamdust_ecumenical_altar_statues
D:3:      cheibrodos_fertilizer, layout_basic, lemuel_coloured_pillars_altar

Skill      XL: |  1  2  3 |
---------------+----------+-----
Maces & Flails | 3 |  3.9
Dodging        | 1 |  1.6
Armour         | 2 |  2.2
Fighting       | |  3.9
Stealth        | |  0.1
Evocations     | |  0.1

Action                   |  1- 3 |  4- 6 || total
-------------------------+-------+-------++-------
Melee: Mace              |   144 |    29 ||   173
       Punch             |     1 |     1 ||     2
Evoke: Wand              |     1 |     3 ||     4
       Box of beasts     |       |     1 ||     1
  Use: Scroll            |     6 |     2 ||     8
       Potion            |     1 |       ||     1
 Stab: Sleeping          |     1 |       ||     1
Armor: Leather armour    |    96 |    13 ||   109
Dodge: Dodged            |   110 |    18 ||   128
